 Dungeon Crawl Stone Soup version 0.27.0-1-g7a08968 (webtiles) character file.

Game seed: 13077202134491584236

719 GodsMustBeCrazy the Shield-Bearer (level 7, -2/47 HPs)
             Began as a Gargoyle Fighter on Aug 7, 2021.
             Was a Follower of Okawaru.
             Slain by a wraith (10 damage)
             ... in an ossuary.
             The game lasted 00:11:04 (3995 turns).

GodsMustBeCrazy the Shield-Bearer (GrFi)            Turns: 3995, Time: 00:11:05

Health: -2/47      AC: 15    Str: 22    XL:     7   Next: 70%
Magic:  7/7        EV: 10    Int:  8    God:    Okawaru [*.....]
Gold:   48         SH:  0    Dex:  9    Spells: 6/6 levels left

rFire    . . .     SeeInvis .   a - +2 war axe (vorpal)
rCold    . . .     Faith    .   c - +0 kite shield
rNeg     + . .     Spirit   .   s - +0 scale mail
rPois    ∞         Reflect  .   (no helmet)
rElec    +         Harm     .   (no cloak)
rCorr    .         Rampage  .   (no gloves)
Will     .....                  e - +0 pair of boots
Stlth    ..........             (no amulet)
HPRegen  0.15/turn              (no ring)
MPRegen  0.10/turn              (no ring)

@: confused, brilliant, heroic, ambrosia-drunk, slowed, very slow
A: sickness immunity, AC +4, negative energy resistance 1, electricity
resistance, torment resistance 1, petrification resistance
a: Renounce Religion, Heroism


You were in an ossuary.
You worshipped Okawaru.
Okawaru was aware of your devotion.
You visited 2 branches of the dungeon, and saw 6 of its levels.
You also visited: Ossuary.

You collected 204 gold pieces.
You spent 156 gold pieces at shops.

Inventory:

Hand Weapons
 a - a +2 vorpal war axe (weapon)
 b - the +6 hunting sling of Coekoll {flame, rPois Str+2 Dex-5}
   (You bought it in a shop on level 3 of the Dungeon)

   Any ammunition fired from it burns those it strikes, dealing additional fire
   damage.
   Str:       It affects your strength (+2).
   Dex:       It affects your dexterity (-5).
   rPois:     It protects you from poison.
 o - a +2 dagger of protection
Missiles
 f - 86 arrows
 j - 7 poisoned darts (quivered)
 n - 85 stones
 r - 13 sling bullets
Armour
 c - a +0 kite shield (worn)
 e - a +0 pair of boots (worn)
 s - a +0 scale mail (worn)
Scrolls
 h - 3 scrolls of immolation {unknown}
 k - 3 scrolls of enchant armour {unknown}
 l - 2 scrolls of identify {unknown}
 m - 2 scrolls of teleportation {unknown}
 p - a scroll of vulnerability {unknown}
 v - a scroll of fear {unknown}
 w - a scroll of amnesia {unknown}
Potions
 d - a potion of might
 g - 2 potions of curing {unknown}
 i - 3 potions of brilliance
 q - 2 potions of ambrosia
 t - a potion of cancellation {unknown}
 u - 2 potions of lignification {unknown}
 x - a potion of mutation {unknown}
 z - 2 potions of heal wounds {unknown}


   Skills:
 + Level 6.4(11.4) Fighting
 - Level 1.7(6.7) Axes
 + Level 5.2(10.2) Armour
 * Level 6.6(11.6) Shields


You had 6 spell levels left.
You didn't know any spells.
Your spell library contained the following spells:

 Spells                   Type           Power      Damage    Failure   Level
 Corona                   Hex            0%         N/A       83%         1
 Ensorcelled Hibernation  Hex/Ice        0%         N/A       92%         2
 Frozen Ramparts          Ice            0%         1d2       99%         3
 Tukima's Dance           Hex            0%         N/A       99%         3
 Ice Form                 Ice/Tmut       0%         N/A       100%        4
 Summon Ice Beast         Ice/Summ       0%         N/A       100%        4


Dungeon Overview and Level Annotations

Branches:
Dungeon (6/15)             Temple (1/1) D:6         Ossuary (1/1)

Altars:
Ashenzari
Cheibriados
Dithmenos
Elyvilon
Fedhas
Gozag
Hepliaklqana
Makhleb
Nemelex Xobeh
Okawaru
Ru
Sif Muna
Vehumet
Wu Jian
Yredelemnul
The Shining One

Shops:
D:3 (


Innate Abilities, Weirdness & Mutations

You are immune to sickness and miasma.
Your stone body is resilient. (AC +4)
You are immune to poison.
You resist negative energy. (rN+)
You are resistant to electric shocks. (rElec)
You are resistant to unholy torment.
You are immune to petrification.


Message History

The wraith is lightly damaged.
The wraith hits you. The wraith hits you! The wraith drains your vigour!
You feel as though you will be slow longer.
The wraith completely misses you.
You hit the wraith but do no damage.
The wraith is lightly damaged.
The wraith hits you but does no damage. x2
You hit the wraith.
The wraith is moderately damaged.
The wraith hits you. The wraith hits you but does no damage.
The wraith hits you! The wraith drains your vigour!
You feel as though you will be slow longer.
You are too injured to fight recklessly!
You are too injured to fight recklessly!
You hit the wraith but do no damage.
The wraith is lightly damaged.
You block the wraith's attack. The wraith hits you!
* * * LOW HITPOINT WARNING * * *
The wraith drains your vigour!
You feel as though you will be slow longer.
Okay, then.
You gain the combat prowess of a mighty hero.
You block the wraith's attack. x2
You barely miss the wraith.
The wraith is lightly damaged.
You block the wraith's attack.
You slash the wraith!
The wraith is severely damaged.
The wraith hits you!
* * * LOW HITPOINT WARNING * * *
The wraith drains your vigour!
You feel as though you will be slow longer.
The wraith hits you but does no damage.
It was a potion of brilliance.
You feel clever all of a sudden. The wraith barely misses you.
You block the wraith's attack.
It was a potion of ambrosia.
You are confused.
You feel invigorated. The wraith hits you!
You die...

#.###.....###.#
#.#z#.....#z#.#
#.###.....###.#
#.............#
#.............#
#.###.###.###.#
#.#.#.#z#.#.#.#
#.)##.###.##W.#
#............@#
###############


You could see a wraith and a flying skull.

Vanquished Creatures
  A water moccasin (D:5)
  2 ogres
  2 wights (Ossuary)
  A centaur zombie (Ossuary)
  2 hounds (D:5)
  A bullfrog skeleton (D:5)
  An iguana (D:5)
  A killer bee zombie (D:5)
  A howler monkey skeleton (D:5)
  5 adders
  4 gnolls (D:3)
  2 adder zombies (Ossuary)
  A worm (D:2)
  4 dart slugs
  An orc (D:5)
  5 ball pythons
  7 endoplasms
  4 giant cockroaches
  10 goblins
  4 hobgoblins
  7 jackals
  13 kobolds
  7 quokkas
  6 bats
  3 frilled lizards
  3 hobgoblin zombies (Ossuary)
  2 orc skeletons (Ossuary)
  An orc zombie (Ossuary)
  2 rats (D:1)
103 creatures vanquished.

Vanquished Creatures (others)
  5 fungi (D:1)
  14 plants
19 creatures vanquished.

Grand Total: 122 creatures vanquished

Notes
Turn   | Place    | Note
-------+----------+-------------------------------------------
     0 | D:1      | GodsMustBeCrazy the Gargoyle Fighter began the quest for
                  | the Orb.
     0 | D:1      | Reached XP level 1. HP: 14/14 MP: 1/1
   196 | D:1      | Reached XP level 2. HP: 20/20 MP: 2/2
   557 | D:1      | Reached XP level 3. HP: 24/24 MP: 3/3
  1135 | D:1      | Reached skill level 5 in Fighting
  1261 | D:1      | Found a faded altar of an unknown god.
  1585 | D:2      | Reached XP level 4. HP: 31/31 MP: 4/4
  2359 | D:2      | Found a white marble altar of Elyvilon.
  2496 | D:3      | Noticed an ogre
  2502 | D:3      | Killed an ogre
  2503 | D:3      | Reached XP level 5. HP: 35/35 MP: 5/5
  2778 | D:3      | Found Pogrott's Antique Weapon Shoppe.
  2802 | D:3      | Reached XP level 6. HP: 40/40 MP: 6/6
  2872 | D:3      | Bought a scorched hunting sling for 156 gold pieces
  2872 | D:3      | Identified the +6 hunting sling of Coekoll {flame, rPois
                  | Str+2 Dex-5} (You bought it in a shop on level 3 of the
                  | Dungeon)
  3006 | D:3      | You fall into a shaft and drop 3 floors!
  3041 | D:6      | Reached skill level 5 in Shields
  3047 | D:6      | Found a staircase to the Ecumenical Temple.
  3054 | Temple   | Entered the Ecumenical Temple
  3080 | Temple   | Became a worshipper of Warmaster Okawaru
  3101 | D:5      | Entered Level 5 of the Dungeon
  3251 | D:5      | Reached XP level 7. HP: 29/46 MP: 7/7
  3291 | D:5      | Found a sand-covered staircase.
  3377 | D:5      | Reached skill level 5 in Armour
  3381 | Ossuary  | Entered an ossuary
  3881 | Ossuary  | Noticed a wraith
  3881 | Ossuary  | Noticed a flying skull
  3890 | Ossuary  | Noticed a flying skull
  3892 | Ossuary  | Noticed a flying skull
  3894 | Ossuary  | Noticed a flying skull
  3894 | Ossuary  | Noticed a flying skull
  3927 | Ossuary  | Reached * piety under Okawaru
  3982 | Ossuary  | Noticed a wraith
  3993 | Ossuary  | HP: 1/47 [wraith (7)]
  3995 | Ossuary  | Slain by a wraith

Illustrated notes

Levels and vault maps discovered:
D:1:      wander_arrival_peaceful_grave, layout_loops_corners,
          shapermc_ecumenical_altar_hornbeckon, supply_closet_lemuel,
          nrook_loot_triangle
D:2:      layout_loops_cross, basic_altar, serial_bayou, serial_bayou_pond_b,
          serial_bayou_shore_a, serial_bayou_pond_d, serial_bayou_shore_b,
          serial_bayou_pond_e, serial_bayou_lagoon_b
D:3:      layout_rooms, serial_shops, shop_coins, serial_aquarium,
          aquarium_bridge_straight [aquarium_subvault_bridge,
          aquarium_subvault_wall, aquarium_subvault_bridge,
          aquarium_subvault_window], aquarium_bridge_straight
          [aquarium_subvault_bridge, aquarium_subvault_window,
          aquarium_subvault_bridge, aquarium_subvault_balcony],
          aquarium_window_2, aquarium_window_fake, aquarium_view_2f,
          aquarium_view_2e, aquarium_balcony_3b, aquarium_pool_corner,
          serial_bayou_pond_c, minmay_tree_intersection
D:5:      layout_basic, nicolae_ossuary_entry_ruins
D:6:      layout_loops_ring, minmay_temple_entry_offerings
Temple:   grunt_wide_crystal_templ
Ossuary:  ossuary_due_cavern

Skill      XL: |  1  2  3  4  5  6  7 |
---------------+----------------------+-----
Fighting       | 4 5 6 |  6.4
Shields        | 4 5 6 |  6.6
Armour         | 4 5 |  5.2
Axes           | |  1.7

Action                   |  1- 3 |  4- 6 |  7- 9 || total
-------------------------+-------+-------+-------++-------
Melee: War axe           |    42 |   102 |    68 ||   212
       Dagger            |    72 |    18 |       ||    90
 Fire: Hunting sling     |       |     6 |     2 ||     8
Throw: Dart              |       |     4 |       ||     4
Invok: Heroism           |       |       |     1 ||     1
  Use: Potion            |       |       |     2 ||     2
Armor: Scale mail        |    58 |    59 |    39 ||   156
Dodge: Dodged            |    40 |    39 |    24 ||   103
Block: Kite shield       |    60 |    69 |    39 ||   168
